 Dungeon Crawl Stone Soup version 0.25-a0-502-g6516661 (webtiles) character file.

Game seed: 12843532394751127489, levelgen mode: deterministic

2126 wolfsongas the Magician (level 9, -1/100 HPs)
             Began as a Gnoll Wanderer on Feb 13, 2020.
             Was an Initiate of Okawaru.
             Slain by an orc priest
             ... wielding a +2 dagger of distortion
              (22 damage)
             ... on level 7 of the Dungeon.
             The game lasted 00:09:55 (7746 turns).

wolfsongas the Magician (Gnoll Wanderer)            Turns: 7746, Time: 00:09:56

Health: -1/100     AC: 24    Str: 14    XL:     9   Next: 29%
Magic:  20/20      EV:  2    Int: 20    God:    Okawaru [......]
Gold:   396        SH:  5    Dex: 13    Spells: 20/21 levels left

rFire    + . .     SeeInvis .   o - +2 rapier (venom)
rCold    . . .     Gourm    .   h - +0 buckler
rNeg     + + +     Faith    .   (armour currently unavailable)
rPois    +         Spirit   .   (helmet currently unavailable)
rElec    .         Reflect  .   (cloak currently unavailable)
rCorr    .         Harm     .   (gloves currently unavailable)
MR       .....     NoTele   +   (boots currently unavailable)
Stlth    +++.......             (no amulet)
HPRegen  0.26/turn              i - ring of protection from fire
MPRegen  0.17/turn              (no ring)

@: tree-form
A: distributed training, high mp 1, wild magic 1, strong nose
a: Renounce Religion


You were on level 7 of the Dungeon.
You worshipped Okawaru.
Okawaru was noncommittal.
You were hungry.
You were a tree.
You visited 2 branches of the dungeon, and saw 8 of its levels.

You collected 396 gold pieces.

Inventory:

Hand Weapons
 c - a +1 hand axe of electrocution
 o - a +2 rapier of venom (weapon)
Armour
 h - a +0 buckler (worn)
 k - a +3 chain mail (melded)
Jewellery
 i - a ring of protection from fire (left branch)
Wands
 a - a wand of random effects (8)
 d - a wand of digging (7)
Scrolls
 b - 3 scrolls of remove curse
 e - a scroll of blinking
 m - a scroll of identify
 p - 3 scrolls of fear
 q - 2 scrolls of enchant armour
Comestibles
 f - 8 rations


   Skills:
 + Level 4.8 Fighting
 + Level 4.0 Short Blades
 + Level 4.0 Long Blades
 + Level 4.0 Axes
 + Level 4.0 Maces & Flails
 + Level 4.0 Polearms
 + Level 4.0 Staves
 + Level 4.0 Slings
 + Level 4.0 Bows
 + Level 4.0 Crossbows
 + Level 4.8 Throwing
 + Level 6.2 Armour
 + Level 4.0 Dodging
 + Level 4.7 Stealth
 + Level 4.0 Shields
 + Level 4.0 Unarmed Combat
 + Level 6.5 Spellcasting
 + Level 4.0 Conjurations
 + Level 3.3 Hexes
 + Level 3.3 Charms
 + Level 3.3 Summonings
 + Level 5.1 Necromancy
 + Level 3.3 Translocations
 + Level 3.3 Transmutations
 + Level 3.3 Fire Magic
 + Level 3.3 Ice Magic
 + Level 3.3 Air Magic
 + Level 3.3 Earth Magic
 + Level 3.3 Poison Magic
 + Level 4.4 Invocations
 + Level 4.0 Evocations


You had 20 spell levels left.
You knew the following spells:

 Your Spells              Type           Power        Failure   Level  Hunger
a - Magic Dart            Conj           ####         3%          1    None

Your spell library contained the following spells:

 Spells                   Type           Power        Failure   Level  Hunger
 Blink                    Tloc           N/A          6%          2    None
 Call Imp                 Summ           ####....     6%          2    None
 Slow                     Hex            ####....     6%          2    None
 Conjure Flame            Conj/Fire      ####....     11%         3    #......
 Mephitic Cloud           Conj/Pois/Air  ####....     11%         3    #......
 Confusing Touch          Hex            ####....     12%         3    #......
 Gell's Gravitas          Tloc           ####......   12%         3    #......
 Petrify                  Tmut/Erth      ####....     34%         4    ###....
 Metabolic Englaciation   Hex/Ice        ####......   65%         5    #####..
 Yara's Violent Unravell  Hex/Tmut       ####......   65%         5    #####..


Dungeon Overview and Level Annotations

Branches:
Dungeon (7/15)             Temple (1/1) D:6

Altars:
Ashenzari
Cheibriados
Dithmenos
Fedhas
Gozag
Hepliaklqana
Kikubaaqudgha
Makhleb
Nemelex Xobeh
Okawaru
Ru
Sif Muna
Trog
Uskayaw
Vehumet
Xom
Yredelemnul
The Shining One

Annotations:
D:7 1 transporter


Innate Abilities, Weirdness & Mutations

Your experience applies equally to all skills.
((You have very sharp teeth.))
Your uncanny sense of smell can sniff out nearby items.
You have an increased reservoir of magic. (+10% MP)
Your spells are a little harder to cast, but a little more powerful.


Message History

The orc hits you but does no damage.
The orc wizard gestures wildly while chanting.
The orc wizard seems to speed up.
The orc priest hits you but does no damage.
You completely miss the orc priest.
The orc priest is moderately wounded.
The orc hits you but does no damage.
The orc priest hits you but does no damage.
Space bends around you.
* * * LOW HITPOINT WARNING * * *
You block the orc's attack.
You closely miss the orc priest.
The orc priest is moderately wounded.
The orc wizard casts a spell at you.
You easily resist.
The orc hits you but does no damage. You block the orc wizard's attack.
The orc priest hits you with a +2 dagger of distortion.
* * * LOW HITPOINT WARNING * * *
Space warps horribly around you!!
You die...

#..####..###..##∆ #.##
##..##...#####
#####.#######..#..#....#
#.......)........†..#
...(###.######........#
∆ .. ...## #..).....#
.........####)..####
##..### #....#.### #...
#.o♣# ...##
......ooo...... .##
##...##........ ##..
...###### #. ..## # ....
.### ©.


You could see an orc priest, an orc wizard and 2 orcs.

Vanquished Creatures
  Sigmund (D:5)
  A wyvern (D:6)
  Eustachio (D:6)
  An ice beast (D:4)
  3 orc warriors
  A sky beast (D:6)
  2 ogres
  Blork the orc (D:5)
  A howler monkey (D:5)
  2 crimson imps
  A bullfrog zombie (D:5)
  5 orc priests
  A bullfrog skeleton (D:4)
  3 hounds
  7 orc wizards
  Ijyb (D:5)
  3 iguanas (D:5)
  3 worker ants
  9 adders
  An ooze (D:1)
  An adder skeleton (D:5)
  3 worms
  5 dart slugs
  4 leopard geckos
  22 orcs
  9 bats
  6 giant cockroaches
  6 goblins
  7 hobgoblins
  11 jackals
  A quokka (D:4)
  6 frilled lizards
  7 kobolds
  A leopard gecko zombie (D:5)
  5 rats
142 creatures vanquished.

Vanquished Creatures (others)
  5 toadstools (D:3)
5 creatures vanquished.

Grand Total: 147 creatures vanquished

Notes
Turn   | Place    | Note
-------+----------+-------------------------------------------
     0 | D:1      | wolfsongas the Gnoll Wanderer began the quest for the Orb.
     0 | D:1      | wolfsongas set off with the following items: a +0 dagger, a
                  | scroll of teleportation, a +0 robe, a ration; and the
                  | following spell memorised: Magic Dart; and the following
                  | spells available to memorise: Blink, Call Imp, Slow,
                  | Conjure Flame, Mephitic Cloud
     0 | D:1      | Reached XP level 1. HP: 17/17 MP: 6/6
   307 | D:2      | Found a sparkling altar of Nemelex Xobeh.
   641 | D:2      | Found a shattered altar of Ashenzari.
   690 | D:2      | HP: 1/25 [adder (3)]
   693 | D:2      | Reached XP level 2. HP: 2/23 MP: 7/7
  1292 | D:2      | Reached XP level 3. HP: 22/28 MP: 9/9
  1395 | D:2      | Reached skill level 5 in Spellcasting
  1685 | D:1      | Reached skill level 1 in Invocations
  1935 | D:1      | Reached skill level 1 in Short Blades
  1935 | D:1      | Reached skill level 1 in Long Blades
  1935 | D:1      | Reached skill level 1 in Axes
  1935 | D:1      | Reached skill level 1 in Maces & Flails
  1935 | D:1      | Reached skill level 1 in Polearms
  1935 | D:1      | Reached skill level 1 in Staves
  1935 | D:1      | Reached skill level 1 in Slings
  1935 | D:1      | Reached skill level 1 in Bows
  1935 | D:1      | Reached skill level 1 in Crossbows
  1935 | D:1      | Reached skill level 1 in Dodging
  1935 | D:1      | Reached skill level 1 in Shields
  1935 | D:1      | Reached skill level 1 in Unarmed Combat
  1935 | D:1      | Reached skill level 1 in Evocations
  1963 | D:1      | Reached XP level 4. HP: 31/34 MP: 11/11
  2479 | D:3      | Gained mutation: Your flesh is cold resistant. (rC+)
                  | [potion of mutation]
  2479 | D:3      | Gained mutation: You possess an exceptional clarity of
                  | mind. [potion of mutation]
  2480 | D:3      | Lost mutation: You possess an exceptional clarity of mind.
                  | [potion of mutation]
  2480 | D:3      | Lost mutation: Your flesh is cold resistant. (rC+) [potion
                  | of mutation]
  2480 | D:3      | Gained mutation: You are partially covered in iridescent
                  | scales. (AC +2) [potion of mutation]
  2480 | D:3      | Gained mutation: You are partially covered in icy blue
                  | scales. (AC +2) [potion of mutation]
  2480 | D:3      | Gained mutation: Your mind is acute. (Int +2) [potion of
                  | mutation]
  2687 | D:3      | Found a glowing golden altar of the Shining One.
  2877 | D:3      | Reached skill level 1 in Hexes
  2877 | D:3      | Reached skill level 1 in Charms
  2877 | D:3      | Reached skill level 1 in Summonings
  2877 | D:3      | Reached skill level 1 in Translocations
  2877 | D:3      | Reached skill level 1 in Transmutations
  2877 | D:3      | Reached skill level 1 in Fire Magic
  2877 | D:3      | Reached skill level 1 in Ice Magic
  2877 | D:3      | Reached skill level 1 in Air Magic
  2877 | D:3      | Reached skill level 1 in Earth Magic
  2877 | D:3      | Reached skill level 1 in Poison Magic
  3334 | D:4      | Reached XP level 5. HP: 30/40 MP: 12/12
  3496 | D:4      | Noticed an ice beast
  3515 | D:4      | Killed an ice beast
  3515 | D:4      | Reached XP level 6. HP: 23/47 MP: 13/13
  3926 | D:4      | Reached skill level 5 in Armour
  4349 | D:4      | Reached XP level 7. HP: 44/52 MP: 15/15
  4540 | D:5      | Entered Level 5 of the Dungeon
  4665 | D:5      | Found a sacrificial altar of Ru.
  4812 | D:5      | Noticed Blork the orc
  4822 | D:5      | Killed Blork the orc
  4854 | D:5      | Noticed Sigmund
  4866 | D:5      | Killed Sigmund
  4866 | D:5      | Reached XP level 8. HP: 32/60 MP: 16/16
  5353 | D:5      | Noticed Ijyb
  5368 | D:5      | Killed Ijyb
  5431 | D:5      | Found a hazy altar of Hepliaklqana.
  5432 | D:5      | Found a shimmering altar of Xom.
  5433 | D:5      | Noticed a spectral ugly thing
  6186 | D:6      | Found a staircase to the Ecumenical Temple.
  6201 | Temple   | Entered the Ecumenical Temple
  6488 | D:6      | Noticed Eustachio
  6516 | D:6      | Killed Eustachio
  7023 | Temple   | Became a worshipper of Warmaster Okawaru
  7065 | D:7      | Noticed a wyvern
  7076 | D:6      | Lost mutation: Your mind is acute. (Int +2) [potion of
                  | mutation]
  7076 | D:6      | Lost mutation: You are partially covered in icy blue
                  | scales. (AC +2) [potion of mutation]
  7076 | D:6      | Lost mutation: You are partially covered in iridescent
                  | scales. (AC +2) [potion of mutation]
  7076 | D:6      | Gained mutation: You passively map a small area around you.
                  | [potion of mutation]
  7076 | D:6      | Gained mutation: You are partially covered in yellow
                  | scales. (AC +2) [potion of mutation]
  7077 | D:6      | Lost mutation: You passively map a small area around you.
                  | [potion of mutation]
  7077 | D:6      | Lost mutation: You are partially covered in yellow scales.
                  | (AC +2) [potion of mutation]
  7077 | D:6      | Gained mutation: Your magical capacity is low. (-10% MP)
                  | [potion of mutation]
  7077 | D:6      | Gained mutation: You have a pair of small antennae on your
                  | head. [potion of mutation]
  7077 | D:6      | Gained mutation: Your body sometimes deteriorates upon
                  | taking damage. [potion of mutation]
  7077 | D:6      | Lost mutation: Your magical capacity is low. (-10% MP)
                  | [potion of mutation]
  7078 | D:6      | Lost mutation: You have a pair of small antennae on your
                  | head. [potion of mutation]
  7078 | D:6      | Lost mutation: Your body sometimes deteriorates upon taking
                  | damage. [potion of mutation]
  7078 | D:6      | Gained mutation: Your spells are a little harder to cast,
                  | but a little more powerful. [potion of mutation]
  7078 | D:6      | Gained mutation: You have an increased reservoir of magic.
                  | (+10% MP) [potion of mutation]
  7080 | D:7      | HP: 3/61 [orc priest/divine providence (13)]
  7228 | D:6      | Reached XP level 9. HP: 17/66 MP: 20/20
  7326 | D:6      | Reached skill level 5 in Necromancy
  7735 | D:7      | Found a transporter.
  7746 | D:7      | Slain by an orc priest

Levels and vault maps discovered:
D:1:      erik_arrival_blinker_ship, layout_basic
D:2:      layout_rooms, nemelex_xobeh_ov_fountains_minmay, old_standard_altar,
          first_ration
D:3:      layout_basic, tso_altar, minmay_gold_behind_fungi,
          minmay_fountain_box, minmay_fractal_squares_gapless_5
D:4:      layout_loops_ring
D:5:      layout_loops_cross, regret_index_temple_of_mockery,
          nicolae_ru_great_annihilating_truth, kennysheep_donut,
          uniq_blork_the_orc, uniq_ijyb, uniq_sigmund
D:6:      layout_basic, minmay_temple_entry_hall, uniq_eustachio
D:7:      layout_rooms, serial_shops, nicolae_shop_crystal,
          gammafunk_ghost_wrathful_warriors, the_bakery, minmay_joined_circles
Temple:   nicolae_temple_hex_pool

Skill      XL: |  1  2  3  4  5  6  7  8  9 |
---------------+----------------------------+-----
Conjurations   | 2 3 4 |  4.0
Spellcasting   | 5 6 |  6.5
Invocations    | 1 2 3 4 |  4.4
Short Blades   | 1 2 3 4 |  4.0
Long Blades    | 1 2 3 4 |  4.0
Axes           | 1 2 3 4 |  4.0
Maces & Flails | 1 2 3 4 |  4.0
Polearms       | 1 2 3 4 |  4.0
Staves         | 1 2 3 4 |  4.0
Slings         | 1 2 3 4 |  4.0
Bows           | 1 2 3 4 |  4.0
Crossbows      | 1 2 3 4 |  4.0
Dodging        | 1 2 3 4 |  4.0
Shields        | 1 2 3 4 |  4.0
Unarmed Combat | 1 2 3 4 |  4.0
Evocations     | 1 2 3 4 |  4.0
Hexes          | 1 2 3 |  3.3
Charms         | 1 2 3 |  3.3
Summonings     | 1 2 3 |  3.3
Translocations | 1 2 3 |  3.3
Transmutations | 1 2 3 |  3.3
Fire Magic     | 1 2 3 |  3.3
Ice Magic      | 1 2 3 |  3.3
Air Magic      | 1 2 3 |  3.3
Earth Magic    | 1 2 3 |  3.3
Poison Magic   | 1 2 3 |  3.3
Fighting       | 3 4 |  4.8
Throwing       | 3 4 |  4.8
Stealth        | 3 4 |  4.7
Necromancy     | 4 5 |  5.1
Armour         | 5 6 |  6.2

Action                   |  1- 3 |  4- 6 |  7- 9 || total
-------------------------+-------+-------+-------++-------
Melee: Falchion          |   138 |    97 |       ||   235
       Dagger            |    16 |       |       ||    16
       Bite              |    15 |    15 |    31 ||    61
       Hand axe          |       |   100 |   219 ||   319
       Rapier            |       |       |    65 ||    65
  Use: Scroll            |     5 |     3 |     6 ||    14
       Potion            |     3 |     8 |     9 ||    20
 Stab: Sleeping          |     2 |       |       ||     2
       Invisible         |       |       |     2 ||     2
       Paralysed         |       |       |     1 ||     1
  Eat: Ration            |     1 |     1 |     1 ||     3
       Chunk             |       |     5 |     7 ||    12
Armor: Skin              |    70 |       |     8 ||    78
       Ring mail         |    65 |    38 |       ||   103
       Robe              |     6 |       |       ||     6
       Chain mail        |       |    49 |   156 ||   205
Dodge: Dodged            |   134 |    75 |    93 ||   302
Block: Buckler           |       |    19 |    57 ||    76
       Rpst.: Falchion   |    31 |     7 |       ||    38

Table legend:
 A = Non-vault XP
 B = Vault XP
 C = Vault XP percentage of total XP
 D = Non-vault monster count
 E = Vault monster count
 F = Vault count percentage of total count
                 A         B        C        D         E       F
            +---------+---------+-------+---------+---------+-------
      Total |    2425 |     613 |  20.2 |     132 |      10 |   7.0
            +---------+---------+-------+---------+---------+-------
        D:1 |      46 |       0 |   0.0 |      23 |       0 |   0.0
        D:2 |      42 |       0 |   0.0 |      17 |       0 |   0.0
        D:3 |      50 |       3 |   5.7 |      19 |       2 |   9.5
        D:4 |     481 |       0 |   0.0 |      17 |       0 |   0.0
        D:5 |     569 |     408 |  41.8 |      22 |       7 |  24.1
        D:6 |     764 |     202 |  20.9 |      24 |       1 |   4.0
        D:7 |     473 |       0 |   0.0 |      10 |       0 |   0.0
            +---------+---------+-------+---------+---------+-------
